AoeStats
← K ingaete 6787

Pilgrims

509636665Analyzed
2v2 RM · 4d ago on Sep 27, 2026· 59m 14s· 4 players
Game mode
Random Map
Map size
Medium (4 player)
Population
200
Speed
Normal
Resources
Standard
Victory
Conquest
Starting age
Dark Age
Ending age
Imperial Age
RankedLock teamsTeams togetherTeam positionsShared explorationLock speedFull tech treeHidden civsTurbo modeCheats
Victory
Defeat
🇫🇷 Sicilians · France
680
+16
🇫🇷 Magyars · France
679
+17
🇨🇱 Burgundians · Chile
701
-17
🇨🇱 Danes · Chile
679
-16
Furydecon
13:00 Feudal Age
11:19 Loom
17:57 Castle Age
16:00 Horse Collar
16:09 Double-Bit Axe
16:16 Fishing Lines
22:02 Bow Saw
22:02 Heavy Plow
22:40 Gillnets
22:46 Gold Mining
22:52 Stone Mining
30:31 Gold Shaft Mining
34:32 Pikeman
44:13 Forging
44:04 Scale Mail Armor
Clem38
9:57 Loom
11:53 Feudal Age
14:51 Fishing Lines
23:58 Castle Age
23:08 Stone Mining
23:08 Gold Mining
23:02 Horse Collar
23:33 Double-Bit Axe
25:28 Pikeman
28:34 Gillnets
39:13 Husbandry
38:33 Light Cavalry
39:24 Bloodlines
48:22 Corvinian Army
58:58 Gold Shaft Mining
nohacenadi3489
13:42 Feudal Age
20:38 Castle Age
53:41 Fishing Lines
56:47 Gillnets
60:16 Wheelbarrow
K ingaete 6787
12:06 Feudal Age
20:40 Castle Age
20:08 Scale Barding Armor
21:42 Light Cavalry
23:55 Husbandry
33:39 Cavalier
41:20 Horse Collar
41:27 Double-Bit Axe
46:12 Wheelbarrow
51:46 Hand Cart
51:48 Heavy Plow
52:01 Bow Saw
56:01 Crop Rotation
56:33 Two-Man Saw
Connection lost

Rejoining the realm…

Still unreachable

The connection could not be restored.

Session expired

The server has moved on; the page needs a fresh start.